 Dungeon Crawl Stone Soup version 0.25.1-2-g60ff931df9 (webtiles) character file.

Game seed: 5511729050083200298

424 Allula97 the Skirmisher (level 6, -5/48 HPs)
             Began as a Demonspawn Monk on Nov 16, 2020.
             Was a Believer of Nemelex Xobeh.
             Killed by divine providence
             ... invoked by an orc priest
              (13 damage)
             ... on level 6 of the Dungeon.
             The game lasted 00:15:37 (1914 turns).

Allula97 the Skirmisher (Demonspawn Monk)           Turns: 1914, Time: 00:15:38

Health: -5/48      AC: 13    Str: 14    XL:     6   Next: 64%
Magic:  8/8        EV:  5    Int: 11    God:    Nemelex Xobeh [**....]
Gold:   112        SH:  0    Dex: 17    Spells: 5/5 levels left

rFire    . . .     SeeInvis .   h - +0 war axe
rCold    + . .     Gourm    .   (no shield)
rNeg     . . .     Faith    .   m - +1 plate armour
rPois    .         Spirit   .   (no helmet)
rElec    .         Reflect  .   (no cloak)
rCorr    .         Harm     .   s - +0 pair of gloves (curse)
MR       .....                  (no boots)
Stlth    ..........             (no amulet)
HPRegen  0.16/turn              k - ring of attention (curse)
MPRegen  0.11/turn              (no ring)

@: no status effects
A: thin skeletal structure 2, blurry vision 1, clumsy 1, cold resistance 1,
mutation resistance 1, freezing cloud immunity
a: Draw Escape, Draw Destruction, Draw Summoning, Renounce Religion


You were on level 6 of the Dungeon.
You worshipped Nemelex Xobeh.
Nemelex Xobeh was pleased with you.
You were hungry.

You visited 1 branch of the dungeon, and saw 4 of its levels.

You collected 112 gold pieces.

Inventory:

Hand Weapons
 d - a +0 vorpal falchion
 h - a +0 war axe (weapon)
Armour
 m - a +1 plate armour (worn)
 s - a cursed +0 pair of gloves (worn)
Jewellery
 k - a cursed ring of attention (left hand)
Scrolls
 b - 2 scrolls of blinking
 n - 2 scrolls of amnesia
 o - a scroll of teleportation
Potions
 e - a potion of lignification
 i - a potion of curing {unknown}
 l - a potion of invisibility
 r - a potion of magic
Comestibles
 a - 2 chunks of flesh
 c - 7 rations


   Skills:
 * Level 4.3 Fighting
 * Level 4.0 Axes
 * Level 2.5 Armour
 + Level 3.5 Dodging
 + Level 2.7 Stealth
 * Level 2.8 Invocations


You had 5 spell levels left.
You didn't know any spells.
Your spell library was empty.

Dungeon Overview and Level Annotations

Branches:
Dungeon (3/15)

Altars:
Nemelex Xobeh

Annotations:
D:2 dig


Innate Abilities, Weirdness & Mutations

You have a moderately thin skeletal structure. (Dex +4, Stealth+)
Your flesh is cold resistant. (rC+)
You are immune to freezing clouds.
Scrolls take you a little longer to read.
You are clumsy. (Dex -2)
You are somewhat resistant to further mutation.


Message History

The orc priest is severely wounded.
The orc priest hits you but does no damage.
You hit the orc priest.
The orc priest is almost dead.
The orc priest hits you but does no damage.
You barely miss the orc priest.
The orc priest is almost dead.
The orc priest hits you but does no damage. x2
You barely miss the orc priest.
The orc priest is almost dead.
You feel less wooden.
Your cursed +0 pair of gloves unmelds from your body.
Your +1 plate armour unmelds from your body.
The orc priest hits you but does no damage.
You barely miss the orc priest.
The orc priest is almost dead.
The orc priest invokes the aid of Beogh against you.
Beogh smites you!
You die...
Your body disappears without a glow.

#.# ###.# # .....
###.####.#.#
......#.#.# ..
#.##.#.#.###....
###...............
.......#.#.#######
####.....#@#
#.....[..#o#
#.##.....#l.
#.....<#.#...
#....#.#.#....
#.#..#.#.#.....
...#...#)#......
........)#.......
.........#


You could see an iguana and an orc priest.

Vanquished Creatures
  Sigmund (D:3)
  A killer bee (D:6)
  A howler monkey (D:2)
  A crimson imp (D:6)
  An orc wizard (D:6)
  A worker ant (D:6)
  4 adders
  An ooze (D:1)
  3 dart slugs
  2 leopard geckos
  2 orcs (D:6)
  2 giant cockroaches
  6 hobgoblins
  2 jackals (D:2)
  7 kobolds
  A quokka (D:2)
  9 bats
  7 frilled lizards
  4 goblins (D:2)
  9 rats
65 creatures vanquished.

Notes
Turn   | Place    | Note
-------+----------+-------------------------------------------
     0 | D:1      | Allula97 the Demonspawn Monk began the quest for the Orb.
     0 | D:1      | Reached XP level 1. HP: 18/18 MP: 1/1
   142 | D:1      | Gained mutation: Your flesh is cold resistant. (rC+)
                  | [demonic ancestry]
   142 | D:1      | Reached XP level 2. HP: 23/24 MP: 2/2
   462 | D:2      | Noticed a howler monkey
   476 | D:2      | Killed a howler monkey
   476 | D:2      | Reached skill level 1 in Armour
   476 | D:2      | Gained mutation: You have a somewhat thin skeletal
                  | structure. (Dex +2, Stealth) [demonic ancestry]
   476 | D:2      | Reached XP level 3. HP: 25/29 MP: 3/3
   517 | D:2      | Gained mutation: You have a moderately thin skeletal
                  | structure. (Dex +4, Stealth+) [demonic ancestry]
   517 | D:2      | Reached XP level 4. HP: 30/35 MP: 4/4
   746 | D:2      | Found a sparkling altar of Nemelex Xobeh.
   805 | D:2      | Became a worshipper of Nemelex Xobeh the Trickster
   805 | D:2      | Received a gift from Nemelex Xobeh
   805 | D:2      | Received a gift from Nemelex Xobeh
   805 | D:2      | Reached * piety under Nemelex Xobeh
   805 | D:2      | Received a gift from Nemelex Xobeh
   805 | D:2      | Received a gift from Nemelex Xobeh
   805 | D:2      | Reached ** piety under Nemelex Xobeh
  1463 | D:3      | Noticed Sigmund
  1479 | D:3      | Killed Sigmund
  1479 | D:3      | Reached XP level 5. HP: 17/42 MP: 4/6
  1479 | D:3      | Gained mutation: You are immune to freezing clouds.
                  | [demonic ancestry]
  1479 | D:3      | Reached XP level 6. HP: 20/48 MP: 4/7
  1562 | D:3      | Noticed a porcupine
  1562 | D:3      | an orc priest changed into a porcupine
  1573 | D:3      | You fall into a shaft and drop 3 floors!
  1594 | D:6      | Gained mutation: You are clumsy. (Dex -2) [potion of
                  | mutation]
  1594 | D:6      | Gained mutation: Scrolls take you a little longer to read.
                  | [potion of mutation]
  1594 | D:6      | Gained mutation: You are somewhat resistant to further
                  | mutation. [potion of mutation]
  1914 | D:6      | Killed from afar by an orc priest

Illustrated notes

Levels and vault maps discovered:
D:1:      tarquinn_simple_flora_water_a, layout_basic
D:2:      layout_basic, nemelex_xobeh_ov_fountains_minmay, item_on_display_a
D:3:      layout_basic, corexii_item_surrounded_by_moat, uniq_sigmund
D:6:      corexii_shack_village, layout_basic, cheibrodos_sewer_entry_sluice

Skill      XL: |  1  2  3  4  5  6 |
---------------+-------------------+-----
Stealth        | 2 |  2.7
Axes           | 3 4 |  4.0
Dodging        | 3 |  3.5
Armour         | 1 2 |  2.5
Fighting       | 4 |  4.3
Invocations    | 2 |  2.8

Action                   |  1- 3 |  4- 6 || total
-------------------------+-------+-------++-------
Melee: Hand axe          |    64 |   140 ||   204
       War axe           |       |   104 ||   104
Throw: Throwing net      |     1 |     1 ||     2
Invok: Draw Destruction  |       |     6 ||     6
       Draw Escape       |       |     4 ||     4
  Use: Scroll            |       |     8 ||     8
       Potion            |       |     3 ||     3
 Stab: Sleeping          |     2 |       ||     2
       Held in net/web   |     1 |       ||     1
  Eat: Chunk             |       |     3 ||     3
Armor: Robe              |    14 |       ||    14
       Ring mail         |    11 |       ||    11
       Plate armour      |       |   192 ||   192
       Skin              |       |    40 ||    40
Dodge: Dodged            |    41 |    60 ||   101
